 Dungeon Crawl Stone Soup version 0.29.0-11-gd7f09526c8 (webtiles) character file.

Game seed: 10154638484382481596

34 Anamonty the Ruffian (level 3, -1/31 HPs)
             Began as a Naga Transmuter on Sept 2, 2022.
             Slain by Natasha (2 damage)
             ... on level 2 of the Dungeon.
             The game lasted 00:02:23 (1428 turns).

Anamonty the Ruffian (Naga Transmuter)              Turns: 1428, Time: 00:02:24

Health: -1/31      AC:  2    Str: 12    XL:     3   Next: 31%
Magic:  5/6        EV: 10    Int: 15    God:
Gold:   48         SH:  0    Dex: 11    Spells: 0/6 levels left

rFire   . . .      SeeInvis +     - Unarmed
rCold   . . .      Faith    .   (no shield)
rNeg    . . .      Spirit   .   a - +0 robe
rPois   +          Reflect  .   (helmet currently unavailable)
rElec   .          Harm     .   (no cloak)
rCorr   .          Rampage  .   (no gloves)
Will    .....                   (no barding)
Stlth   +.........              (no amulet)
HPRegen 0.10/turn               (no ring)
MPRegen 0.10/turn               (no ring)

@: appendages, slowed, very slow
A: horns 2, AC +1, large, see invisible, deformed body, poison resistance,
slowness 2, spit poison 1, naga tail 1
a: Spit Poison, End Transformation


You were on level 2 of the Dungeon.
You had temporarily grown beastly horns.
You visited 1 branch of the dungeon, and saw 2 of its levels.

You collected 69 gold pieces.
You spent 21 gold pieces at shops.

Inventory:

Armour
 a - a +0 robe (worn)
 i - an orb of energy
Jewellery
 m - an amulet of guardian spirit
Scrolls
 c - 4 scrolls of fog {unknown}
 d - a scroll of teleportation {unknown}
 e - a scroll of immolation {unknown}
 f - 2 scrolls of identify {unknown}
 j - a scroll of amnesia {unknown}
Potions
 b - a potion of lignification
 g - a potion of curing {unknown}
 h - a potion of flight {unknown}
 k - a potion of brilliance {unknown}
 l - a potion of might {unknown}


   Skills:
 * Level 1.6 Fighting
 + Level 1.8 Dodging
 + Level 3.2 Unarmed Combat
 + Level 2.1 Spellcasting
 * Level 2.6 Transmutations


You couldn't memorise any spells.
You knew the following spells:

 Your Spells              Type           Power      Damage    Failure   Level
a - Beastly Appendage     Tmut           18%        N/A       8%          1
b - Wereblood             Tmut           9%         N/A       11%         2
c - Spider Form           Tmut/Pois      5%         N/A       36%         3

Your spell library contained the following spells:

 Spells                   Type           Power      Damage    Failure   Level
 Ice Form                 Ice/Tmut       5%         N/A       77%         4


Dungeon Overview and Level Annotations

Branches:
Dungeon (2/15)

Altars:

Shops:
D:1 [**(

Annotations:
D:2 Natasha


Innate Abilities, Weirdness & Mutations

You have temporarily grown beastly horns.
Your serpentine skin is tough. (AC +1)
You have supernaturally acute eyesight. (SInv)
Armour fits poorly on your strangely shaped body.
Your system is resistant to poisons. (rPois)
You cover ground very slowly.
You can spit poison.
You have a snake-like lower body.


Message History

You are frozen.
You barely miss the endoplasm.
The endoplasm is almost dead.
You kill the endoplasm!
Your transformation is almost over.
Natasha claws you but does no damage.
Natasha zaps a wand.
The puff of flame hits you.
You see here a ball python corpse.
Aiming: Spit Poison (2% risk of failure)
Press: ? - help, Shift-Dir - straight line, f - Natasha
Aim: Natasha, carrying a wand of flame (10) (50% to hit)
The splash of poison hits Natasha.
Natasha is lightly wounded.
Natasha barely misses you.
You hit Natasha.
Natasha is moderately wounded.
You hit Natasha. You headbutt Natasha.
Natasha is heavily wounded.
Natasha closely misses you.
You closely miss Natasha.
Natasha is heavily wounded.
You have got your breath back.
Natasha barely misses you.
You miss Natasha.
Natasha is heavily wounded.
Natasha stares at you and mumbles some strange words.
You feel yourself slow down.
Casting: Beastly Appendage (safe; 8% risk of failure)
Confirm with . or Enter, or press ? or * to list all spells.
You extend your transformation's duration.
Natasha claws you.
Natasha zaps a wand.
The puff of flame hits you!
* * * LOW HITPOINT WARNING * * *
You closely miss Natasha.
Natasha is heavily wounded.
Natasha claws you!
* * * LOW HITPOINT WARNING * * *
You hit Natasha but do no damage.
Natasha is heavily wounded.
Natasha claws you.
You die...

...#.##### #.##.#
$.......# #.##.# # #
#.#..#..###.##.### #.
..##.#...............
...#.........####...^..)
.....##......# #..#.###
....> ##.....# #..#.###
......##.....####......#
......h@..........####.'
..$...##..........# ###
...<. #.#>#.####.# #
.... #.#.#.# #.# # ...
#...#.# #.# # .. ##..#.#
#.† # . ..# ##. ... .
.##


You could see Natasha.

Vanquished Creatures
  An adder (D:2)
  5 ball pythons
  A bat (D:2)
  An endoplasm (D:2)
  A giant cockroach (D:1)
  A hobgoblin (D:2)
  5 jackals
  A quokka (D:2)
  A frilled lizard (D:1)
  2 goblins (D:1)
  3 kobolds
  A rat (D:2)
23 creatures vanquished.

Notes
Turn   | Place    | Note
-------+----------+-------------------------------------------
     0 | D:1      | Anamonty the Naga Transmuter began the quest for the Orb.
     0 | D:1      | Reached XP level 1. HP: 18/18 MP: 3/3
    34 | D:1      | Found Xishael's Assorted Antiques.
   181 | D:1      | Found Kyuxkero's Weapon Emporium.
   241 | D:1      | Found Wimm's Assorted Antiques.
   246 | D:1      | Bought a scroll labelled MUTELILYOFI for 21 gold pieces
   299 | D:1      | Found Afeluf's Antique Armour Shoppe.
   487 | D:1      | Reached XP level 2. HP: 20/25 MP: 5/5
  1000 | D:2      | Learned a level 2 spell: Wereblood
  1091 | D:2      | Reached XP level 3. HP: 31/31 MP: 4/6
  1095 | D:2      | Learned a level 3 spell: Spider Form
  1415 | D:2      | Noticed Natasha
  1427 | D:2      | HP: 1/31 [Natasha (7)]
  1428 | D:2      | Slain by Natasha

Illustrated notes

Levels and vault maps discovered:
D:1:      saegor_arrival_simple_e, layout_basic, serial_shops, shop,
          nicolae_shop_bloodbath_and_beyond, nicolae_shop_trees,
          nicolae_square_shop
D:2:      layout_loops_ring, basic_altar, minmay_misc_feat_encased,
          uniq_jessica, uniq_terence, uniq_natasha

Action                   || total
-------------------------++-------
Melee: Unarmed           ||    57
       Headbutt          ||     4
       Punch             ||     3
 Cast: Beastly Appendage ||     9
       Wereblood         ||     1
 Abil: Spit Poison       ||    19
Armor: Robe              ||    11
Dodge: Dodged            ||    42
